 Dungeon Crawl Stone Soup version 0.25.0-1-g7eea58d2a3 (webtiles) character file.

Game seed: 14031735181152100850

5 DeadF the Vexing (level 1, -2/7 HPs)
             Began as a Felid Enchanter on June 13, 2020.
             Slain by a leopard gecko (5 damage)
             ... on level 2 of the Dungeon.
             The game lasted 00:00:46 (652 turns).

DeadF the Vexing (Felid Enchanter)                   Turns: 652, Time: 00:00:47

Health: -2/7       AC:  1    Str:  4    XL:     1   Next: 66%
Magic:  4/4        EV: 18    Int: 16    God:
Gold:   21         SH:  0    Dex: 16    Spells: 3/4 levels left
                                        Lives:  0   Deaths: 0

rFire    . . .     SeeInvis +     - Unarmed
rCold    . . .     Gourm    .   (shield unavailable)
rNeg     . . .     Faith    .   (armour unavailable)
rPois    .         Spirit   .   (helmet unavailable)
rElec    .         Reflect  .   (cloak unavailable)
rCorr    .         Harm     .   (gloves unavailable)
MR       .....                  (boots unavailable)
Stlth    +++.......             (no amulet)
HPRegen  0.02/turn              (no ring)
MPRegen  0.09/turn              (no ring)

@: quick
A: very small, no armour, no weapons or thrown items, stealth, claws 1, fangs 3,
see invisible, carnivore, speed 1, shaggy fur 1, slow metabolism 1, sharp paws
a: no special abilities


You were on level 2 of the Dungeon.
You were very full.

You visited 1 branch of the dungeon, and saw 2 of its levels.

You collected 21 gold pieces.

Inventory:

Scrolls
 c - a scroll of blinking {unknown}
 f - a scroll of teleportation {unknown}
 g - a scroll of amnesia {unknown}
Potions
 a - a potion of curing {unknown}
 d - a potion of degeneration {unknown}
 e - a potion of berserk rage {unknown}
Comestibles
 b - a ration


   Skills:
 + Level 3.1 Dodging
 + Level 4.3 Stealth
 - Level 1.0 Unarmed Combat
 - Level 2.0 Spellcasting
 - Level 4.4 Hexes


You had 3 spell levels left.
You knew the following spells:

 Your Spells              Type           Power        Failure   Level  Hunger
a - Corona                Hex            ###....      3%          1    #......

Your spell library contained the following spells:

 Spells                   Type           Power        Failure   Level  Hunger
 Confusing Touch          Hex            ###.....     11%         3    ###....
 Tukima's Dance           Hex            ###.....     11%         3    ###....
 Ensorcelled Hibernation  Hex/Ice        #.....       13%         2    ###....
 Dazzling Flash           Conj/Hex       #.....       26%         3    ###....


Dungeon Overview and Level Annotations

Branches:
Dungeon (2/15)

Altars:


Innate Abilities, Weirdness & Mutations

You cannot wear armour.
You are incapable of wielding weapons or throwing items.
Your paws allow you to move quietly. (Stealth)
You have sharp claws.
You have razor-sharp teeth.
You have supernaturally acute eyesight. (SInv)
You are carnivorous and can eat meat at any time.
You cover ground quickly.
You are covered in fur. (AC +1)
You have a slow metabolism.
Your sharp claws are effective at attacking unaware monsters.


Message History

Done exploring.
Done exploring.
Done exploring.
Done exploring.
Done exploring.
You see here a leather armour.
There is an escape hatch in the floor here.
You slide downwards.
The hatch slams shut behind you.
A leopard gecko comes into view.
Found 9 gold pieces.
A ball python comes into view.
The leopard gecko hisses angrily.
The leopard gecko completely misses you.
You scratch the leopard gecko.
The leopard gecko is moderately wounded.
The leopard gecko bites you.
Ouch! That really hurt!
The leopard gecko bites you.
Ouch! That really hurt!
You die...

##### .... #
########
#.#..$...#
#.#......#####
#.#......l...#
#.....@#
#........S....
#......#######
##..#.##
#.....#
#######


You could see a leopard gecko and a ball python.

Vanquished Creatures
  A giant cockroach (D:1)
  A hobgoblin (D:1)
  A bat (D:1)
  A goblin (D:1)
  2 rats (D:1)
6 creatures vanquished.

Notes
Turn   | Place    | Note
-------+----------+-------------------------------------------
     0 | D:1      | DeadF the Felid Enchanter began the quest for the Orb.
     0 | D:1      | Reached XP level 1. HP: 7/7 MP: 4/4
   652 | D:2      | Slain by a leopard gecko

Illustrated notes

Levels and vault maps discovered:
D:1:      heliophobic_arrival_dark_side_of_the_moon, layout_rooms,
          serial_bayou_pond_c
D:2:      layout_loops_ring, nicolae_overflow_hidden_temple,
          nicolae_qazlal_general_emergency, serial_co_window_serial,
          co_window_corner_a, co_window_corner_a, co_window_cross_1,
          co_window_corner_a, co_window_of_opportunity_a, co_window_2corner,
          co_window_of_opportunity_c, co_window_corner_ca, co_window_paths_d,
          glass_columns_c, uniq_sigmund

Skill      XL: |  1 |
---------------+----+-----
Dodging        | 3 |  3.1
Stealth        | |  4.3
Unarmed Combat | |  1.0
Spellcasting   | |  2.0
Hexes          | |  4.4

Action                   || total
-------------------------++-------
Melee: Unarmed           ||    31
       Bite              ||     2
 Stab: Sleeping          ||     2
  Eat: Chunk             ||     6
Armor: Skin              ||     2
Dodge: Dodged            ||    20
